 Dungeon Crawl Stone Soup version 0.30.0-7-g0c4daa9e05 (webtiles) character file.

Game seed: 2825079208922739833

351 Pizzadoos the Cutter (level 6, -3/48 HPs)
             Began as a Demonspawn Gladiator on May 13, 2023.
             Splashed by a jelly's acid (9 damage)
             ... on level 4 of the Dungeon.
             The game lasted 00:13:38 (3087 turns).

Pizzadoos the Cutter (Demonspawn Gladiator)         Turns: 3087, Time: 00:13:38

Health: -3/48      AC: -3    Str: 17    XL:     6   Next: 34%
Magic:  6/6        EV: 12    Int:  9    God:
Gold:   108        SH:  5    Dex: 14    Spells: 5/5 levels left

rFire   x . .        i - +0 short sword (vamp)
rCold   + . .        (no shield)
rNeg    . . .        b - +0 leather armour
rPois   .            c - +0 helmet
rElec   .            (no cloak)
rCorr   .            B - +0 pair of gloves
SInv    .            (no boots)
Will    .....        s - amulet of reflection
Stlth   +            v - ring of ice
HPRegen 0.28/turn    (no ring)
MPRegen 0.10/turn

%: reflection
@: corroded
A: hooves 1, spiny 1
a: no special abilities


You were on level 4 of the Dungeon.
You visited 1 branch of the dungeon, and saw 4 of its levels.

You collected 206 gold pieces.
You spent 98 gold pieces at shops.

Inventory:

Hand Weapons
 i - a +0 vampiric short sword (weapon)
Missiles
 d - 3 throwing nets
 e - a javelin
 k - 22 stones
 m - 5 boomerangs (quivered)
 z - 5 atropa-tipped darts
 A - 5 curare-tipped darts
Armour
 b - a +0 leather armour (worn)
 c - a +0 helmet (worn)
 B - a +0 pair of gloves (worn)
Magical Staves
 o - a staff of earth
Jewellery
 p - an amulet of guardian spirit
 s - an amulet of reflection (around neck)
 v - a ring of ice (left hand)
Wands
 y - a wand of iceblast (3)
 C - a wand of digging (3)
Scrolls
 f - 4 scrolls of identify
 g - 2 scrolls of magic mapping
 h - 2 scrolls of teleportation
 j - a scroll of acquirement {unknown}
 l - 2 scrolls of poison {unknown}
 r - a scroll of blinking {unknown}
 t - a scroll of noise {unknown}
 w - a scroll of fog {unknown}
 x - a scroll of amnesia {unknown}
Potions
 a - a potion of heal wounds {unknown}
 n - 2 potions of brilliance
 q - 2 potions of mutation
 u - a potion of attraction {unknown}


   Skills:
 + Level 3.8 Fighting
 * Level 5.1 Short Blades
 + Level 3.1 Throwing
 - Level 2.6 Dodging


You had 5 spell levels left.
You didn't know any spells.
Your spell library contained the following spells:

 Spells                   Type           Power      Damage    Failure   Level
 Kiss of Death            Conj/Necr      0%         2d5       45%         1
 Confusing Touch          Hex            0%         N/A       83%         3
 Dispel Undead            Necr           0%         3d6       99%         4


Dungeon Overview and Level Annotations

Branches:
Dungeon (4/15)
 Temple: D:4-7

Altars:
Cheibriados
Dithmenos
Wu Jian
Yredelemnul

Shops:
D:1 [*:   D:2 (

Annotations:
D:4 Natasha


Innate Abilities, Weirdness & Mutations

You have large cloven feet.
You are partially covered in sharp spines.


Message History

No target in view!
No target in view!
No target in view!
No target in view!
No target in view!
No target in view!
No target in view!
No target in view!
No target in view!
f - 4 scrolls of identify (gained 1)
A jelly comes into view.
A kobold comes into view. It is wielding a +0 whip.
The jelly quivers.
The kobold shouts!
Found 10 gold pieces.
Natasha, Servant of Life and Death comes into view.
Natasha hisses angrily.
You hit the jelly.
Your hands burn!
You kick the jelly, but do no damage.
The jelly is moderately wounded.
The jelly is struck by your spines. The jelly hits you.
You are splashed with acid!
You hit the jelly.
You feel better. The acid corrodes you!
Your hands burn!
You kick the jelly, but do no damage.
The jelly is heavily wounded.
You hit the jelly.
Your hands burn!
The jelly is severely wounded.
The jelly hits you. The acid corrodes you!
You are splashed with acid!
The jelly attacks as you move away! The jelly is struck by your spines.
The jelly completely misses you.
You hit the jelly but do no damage.
Your hands burn!
The jelly is almost dead.
The jelly barely misses you. The jelly attacks as you move away!
The jelly hits you.
* * * LOW HITPOINT WARNING * * *
You are splashed with acid.
* * * LOW HITPOINT WARNING * * *
The jelly attacks as you move away! The jelly hits you.
* * * LOW HITPOINT WARNING * * *
You are splashed with acid!
You die...

#.........#
#$........##
.........####
...#....... #.........
##Kh....# ##..####.#
.#..J# #.# # #..#@# #.#
#.###.##.####.# .....
#....#.#
###..#####.#.##########
#..........#..........#
#>....................#
#.#........#..........#
#.....#.##....#####
#####.#.#####.#


You could see a jelly, Natasha and a kobold.

Vanquished Creatures
  A black bear (D:4)
  A jelly (D:4)
  An iguana (D:4)
  Jessica (D:3)
  Ijyb (D:3)
  A sleepcap (D:4)
  3 adders
  A worm (D:2)
  4 dart slugs
  9 orcs
  9 ball pythons
  6 bats
  6 endoplasms
  A giant cockroach (D:1)
  4 goblins
  4 hobgoblins
  6 jackals
  4 kobolds
  A quokka (D:3)
  7 frilled lizards
  6 rats
77 creatures vanquished.

Notes
Turn   | Place    | Note
-------+----------+-------------------------------------------
     0 | D:1      | Pizzadoos the Demonspawn Gladiator began the quest for the
                  | Orb.
     0 | D:1      | Reached XP level 1. HP: 16/16 MP: 1/1
    77 | D:1      | Reached skill level 3 in Short Blades
    90 | D:1      | Found Iphei's Armour Boutique.
   126 | D:1      | Gained mutation: You have large cloven feet. [demonic
                  | ancestry]
   126 | D:1      | Reached XP level 2. HP: 19/22 MP: 2/2
   411 | D:1      | Found Hungacouze's Assorted Antiques.
   416 | D:1      | Found Hiczumn's Book Boutique.
   666 | D:1      | Reached XP level 3. HP: 28/28 MP: 3/3
  1018 | D:2      | Identified the +3 robe of Failure {Stlth+}
  1283 | D:2      | Found Hitoc's Weapon Emporium.
  1425 | D:2      | Gained mutation: You are partially covered in sharp spines.
                  | [demonic ancestry]
  1425 | D:2      | Reached XP level 4. HP: 19/34 MP: 1/4
  1580 | D:3      | Found a basalt altar of Yredelemnul.
  1628 | D:3      | Reached skill level 4 in Short Blades
  2095 | D:3      | Found an ornate altar of the Wu Jian Council.
  2096 | D:3      | Found a snail-covered altar of Cheibriados.
  2160 | D:3      | Noticed Jessica
  2166 | D:3      | Killed Jessica
  2167 | D:3      | Reached XP level 5. HP: 31/41 MP: 5/5
  2268 | D:3      | Noticed Ijyb
  2280 | D:3      | Killed Ijyb
  2463 | D:3      | Found a shadowy altar of Dithmenos.
  2541 | D:4      | Noticed a black bear
  2546 | D:4      | Killed a black bear
  2566 | D:4      | Reached XP level 6. HP: 15/48 MP: 6/6
  2759 | D:1      | Bought a +0 pair of gloves for 49 gold pieces
  2759 | D:1      | Bought a +0 helmet for 49 gold pieces
  2879 | D:4      | Reached skill level 5 in Short Blades
  3079 | D:4      | Noticed Natasha
  3087 | D:4      | Splashed by a jelly's acid

Illustrated notes

Levels and vault maps discovered:
D:1:      scummos_arrival_simple_fountains, layout_rooms, serial_shops,
          nicolae_shop_temple_entry_statues_fountains, shop, shop, serial_bayou,
          serial_bayou_pond_a, serial_bayou_lake_a, serial_bayou_crossing,
          serial_bayou_pond_a, minmay_close_crescents
D:2:      layout_rooms, serial_shops, shop
D:3:      layout_basic, grunt_dithmenos_smoke, lemuel_tele_altar,
          amethyst_overflow_temple_binary, uniq_ijyb, uniq_jessica
D:4:      layout_basic, tgw_fedhas, mainiacjoe_overflow_swirl, sigmund_army,
          uniq_natasha

Skill      XL: |  1  2  3  4  5  6 |
---------------+-------------------+-----
Short Blades   | 3 4 5 |  5.1
Throwing       | 2 3 |  3.1
Fighting       | 3 |  3.8
Dodging        | |  2.6

Action                     |  1- 3 |  4- 6 || total
---------------------------+-------+-------++-------
  Melee: Rapier            |    54 |       ||    54
         Short sword       |   146 |   103 ||   249
         Kick              |    36 |    37 ||    73
         Punch             |     2 |     2 ||     4
  Evoke: Wand              |       |     3 ||     3
    Use: Scroll            |       |     4 ||     4
   Stab: Sleeping          |     1 |       ||     1
 Armour: Leather armour    |    53 |    22 ||    75
  Dodge: Dodged            |   124 |    36 ||   160
  Block: Other             |       |     6 ||     6
